 Dungeon Crawl Stone Soup version 0.30-a0-996-ga6910c8ee8 (webtiles) character file.

Game seed: 9981914700620277643

11 Orangeyouglad the Sneak (level 2, 0/24 HPs)
             Began as a Human Delver on Apr 5, 2023.
             Slain by a river rat (2 damage)
             ... on level 4 of the Dungeon.
             The game lasted 00:01:29 (249 turns).

Orangeyouglad the Sneak (Human Delver)               Turns: 249, Time: 00:01:30

Health: 0/24       AC:  3    Str: 12    XL:     2   Next: 35%
Magic:  2/2        EV: 12    Int: 10    God:
Gold:   53         SH:  0    Dex: 14    Spells: 1/1 levels left

rFire   . . .      SeeInvis .    a - +0 spear
rCold   . . .      Faith    .    (no shield)
rNeg    . . .      Spirit   .    b - +0 leather armour
rPois   .          Reflect  .    (no helmet)
rElec   .          Rampage  .    (no cloak)
rCorr   .                        (no gloves)
Will    .....                    (no boots)
Stlth   +++                      (no amulet)
HPRegen 0.24/turn                (no ring)
MPRegen 0.08/turn                (no ring)

@: no status effects
A: no striking features
a: no special abilities


You were on level 4 of the Dungeon.
You visited 1 branch of the dungeon, and saw 2 of its levels.

You collected 53 gold pieces.

Inventory:

Hand Weapons
 a - a +0 spear (weapon)
Armour
 b - a +0 leather armour (worn)
Wands
 g - a wand of digging (3)
Scrolls
 c - a scroll of fog
 e - a scroll of fear
Potions
 f - a potion of haste


   Skills:
 + Level 3.1 Fighting
 + Level 2.2 Polearms
 + Level 2.2 Dodging
 + Level 5.1 Stealth


You had one spell level left.
You didn't know any spells.
Your spell library was empty.

Dungeon Overview and Level Annotations

Branches:
Dungeon (5/15)             Temple (0/1) D:4

Altars:
Dithmenos

Portals:
Sewer: D:4


Message History

The river rat attacks as you move away! The river rat barely misses you.
The river rat closely misses you.
You closely miss the river rat. The river rat closely misses you.
You hit the river rat but do no damage. The river rat completely misses you.
The river rat bites you!
You barely miss the river rat. The river rat closely misses you.
The river rat bites you.
You hit the river rat.
The river rat is moderately wounded.
The river rat barely misses you. x2
You barely miss the river rat.
The river rat is moderately wounded.
The river rat closely misses you. The river rat barely misses you.
You closely miss the river rat.
The river rat is moderately wounded.
The river rat bites you! The river rat bites you.
* * * LOW HITPOINT WARNING * * *
It was a potion of heal wounds.
You feel much better. The river rat closely misses you.
The river rat barely misses you.
You barely miss the river rat. The river rat bites you.
The river rat misses you.
You closely miss the river rat. The river rat misses you.
The river rat closely misses you.
You barely miss the river rat. The river rat bites you!
The river rat misses you.
You closely miss the river rat.
You hear the slow rusting of a drain.
The river rat bites you. The river rat barely misses you.
You hit the river rat but do no damage. The river rat bites you.
* * * LOW HITPOINT WARNING * * *
The river rat barely misses you.
You hit the river rat.
The river rat is lightly wounded.
The river rat bites you.
* * * LOW HITPOINT WARNING * * *
The river rat barely misses you.
You closely miss the river rat.
The river rat is lightly wounded.
The river rat misses you. The river rat bites you.
You die...

*#.....~~~...##†##...)...#
*#...~~~~~.....##.#._.#.#
#...~~∩~~..##..........#
#...~~~~~..#########..##
#....~~~...# #>##***
#..........# #.....#
#........r.# #####.#*
#.###..##r## **,,,* *,*#.#####@#
**,***, *** *,*##,**#r## ****,**
** **,***,****,#.#** *,,,,* *
*,*,,,,**,,...,,*******,**,** **
**,******,###**,**,,,*,,,*,,***,
*,* *,* *,,,,,,,,*,>**,,,* *,*
*,* *,,,,,,*,,,*,***** *,* *,*
**,,,*,***,**,,**,, *,*
*,****,,,,,,,,,,,,,,,,,,


You could see 2 river rats and a rat.

Vanquished Creatures
  An adder (D:5)
  A ball python (D:4)
  2 rats (D:4)
4 creatures vanquished.

Notes
Turn   | Place    | Note
-------+----------+-------------------------------------------
     0 | D:5      | Orangeyouglad the Human Delver began the quest for the Orb.
     0 | D:5      | Reached XP level 1. HP: 18/18 MP: 1/1
    19 | D:5      | Noticed a hound
    50 | D:5      | Noticed a jelly
   161 | D:5      | Reached XP level 2. HP: 20/24 MP: 2/2
   196 | D:4      | Found a shadowy altar of Dithmenos.
   207 | D:4      | Found a glowing drain.
   248 | D:4      | HP: 1/24 [river rat (4)]
   249 | D:4      | Slain by a river rat

Illustrated notes

Levels and vault maps discovered:
D:4:      layout_loops_ring, mainiacjoe_overflow_tiny_flanked,
          minmay_temple_entry_mini_moons, portal_sewer_entry_a,
          minmay_splitting_lines, uniq_eustachio
D:5:      layout_loops_ring, lemuel_zombie_altar_yredelemnul,
          nicolae_elyvilon_temple_path, kennysheep_boxes

Action                     || total
---------------------------++-------
  Melee: Spear             ||    25
    Use: Scroll            ||     1
         Potion            ||     1
 Armour: Leather armour    ||     3
  Dodge: Dodged            ||    24

Table legend: (Time is in decaauts)
 A = Elapsed time spent in this place.
 B = Non-inter-level travel time spent in this place.
 C = Inter-level travel time spent in this place.
 D = Time resting spent in this place.
 E = Time spent auto-exploring this place.
 F = Levels seen in this place.
 G = Mean time per level.
                   A        B        C        D        E       F      G
               +--------+--------+--------+--------+--------+-----+--------+
         Total |    251 |    251 |      0 |      0 |      0 |   2 |  125.5 |
       Dungeon |    251 |    251 |      0 |      0 |      0 |   2 |  125.5 |
               +--------+--------+--------+--------+--------+-----+--------+

Top non-repeatable levels by time:
     D:5: 198 daAuts
     D:4: 52 daAuts
